 Dungeon Crawl Stone Soup version 0.30.1-11-g7821555f0a (webtiles) character file.

Game seed: 3429917986857793799

4142 Ivernyr the Cruncher (level 10, -3/73 (80) HPs)
             Began as a Formicid Fighter on Dec 7, 2023.
             Was a Believer of Wu Jian.
             Slain by a wight
             ... wielding a +3 spear
              (6 damage)
             ... on level 9 of the Dungeon.
             The game lasted 00:13:09 (7186 turns).

Ivernyr the Cruncher (Formicid Fighter)             Turns: 7186, Time: 00:13:10

HP:   -3/73 (80)    AC: 12    Str: 34    XL:     10   Next: 52%
MP:   10/10         EV: 10    Int: 10    God:    Wu Jian [**....]
Gold: 540           SH:  0    Dex: 13    Spells: 9/9 levels left

rFire   . . .        a - +4 quarterstaff (chaos)
rCold   . . .        c - +0 buckler
rNeg    . . .        b - +0 scale mail
rPois   +            (helmet unavailable)
rElec   .            m - +0 cloak
rCorr   .            j - +2 pair of gloves "Pali" {Str+2 Int+3}
SInv    +            (no boots)
Will    +....        F - amulet of reflection Stlth
                     z - +6 ring of strength
HPRegen 0.32/turn    u - ring of poison resistance
MPRegen 0.12/turn

%: reflection
@: confused, drained
A: permanent stasis, dig shafts and tunnels, antennae 3, four strong arms
a: Dig, Shaft Self, Renounce Religion, Wall Jump


You were on level 9 of the Dungeon.
You worshipped Wu Jian.
Wu Jian was pleased with you.
You visited 2 branches of the dungeon, and saw 10 of its levels.

You collected 540 gold pieces.

Inventory:

Hand Weapons
 a - a +4 quarterstaff of chaos (weapon)
Missiles
 A - a throwing net
Armour
 b - a +0 scale mail (worn)
 c - a +0 buckler (worn)
 j - the +2 pair of gloves "Pali" (worn) {Str+2 Int+3}
   (You acquired it on level 5 of the Dungeon)

   Str:       It affects your strength (+2).
   Int:       It affects your intelligence (+3).
 m - a +0 cloak (worn)
Jewellery
 h - a ring of protection from cold
 t - a ring of resist corrosion
 u - a ring of poison resistance (right hand)
 z - a +6 ring of strength (left hand)
 E - a +6 ring of strength
 F - an amulet of reflection (around neck)
Wands
 q - a wand of paralysis (8)
 r - a wand of digging (12)
 x - a wand of flame (26)
 y - a wand of mindburst (18)
 H - a wand of iceblast (7)
Scrolls
 e - 2 scrolls of enchant weapon
 k - 3 scrolls of poison
 l - a scroll of silence
 n - a scroll of amnesia
 s - a scroll of fog
 G - a scroll of magic mapping
Potions
 d - a potion of might
 f - 4 potions of heal wounds
 g - 6 potions of curing {unknown}
 i - 4 potions of lignification {unknown}
 o - 3 potions of flight {unknown}
 p - 4 potions of mutation {unknown}
 v - 2 potions of cancellation {unknown}
 w - a potion of haste {unknown}
 B - a potion of attraction {unknown}
 C - a potion of degeneration {unknown}
 D - a potion of brilliance {unknown}


   Skills:
 + Level 7.9 Fighting
 * Level 9.5 Staves
 + Level 7.9 Armour
 + Level 9.4 Shields


You had 9 spell levels left.
You didn't know any spells.
Your spell library contained the following spells:

 Spells                   Type           Power      Damage    Failure   Level
 Freeze                   Ice            0%         1d3       58%         1
 Summon Small Mammal      Summ           0%         N/A       58%         1
 Ensorcelled Hibernation  Hex/Ice        0%         N/A       73%         2
 Lesser Beckoning         Tloc           0%         N/A       73%         2
 Momentum Strike          Conj/Tloc      0%         3d8       73%         2
 Call Canine Familiar     Summ           0%         N/A       91%         3
 Frozen Ramparts          Ice            0%         1d1       91%         3
 Hailstorm                Conj/Ice       0%         3d3       91%         3
 Spider Form              Tmut/Pois      0%         N/A       91%         3
 Stone Arrow              Conj/Erth      0%         3d7       91%         3
 Summon Guardian Golem    Hex/Summ       0%         N/A       91%         3
 Anguish                  Hex/Necr       0%         N/A       100%        4
 Animate Armour           Summ/Erth      0%         N/A       100%        4
 Malign Gateway           Summ/Tloc      0%         N/A       100%        7
 Orb of Destruction       Conj           0%         9d5       100%        7
 Spellforged Servitor     Conj/Summ      0%         N/A       100%        7
 Lehudib's Crystal Spear  Conj/Erth      0%         10d2      100%        8
 Summon Horrible Things   Summ           0%         N/A       100%        8
 Blink                    Tloc           Unusable   N/A       N/A         2

Dungeon Overview and Level Annotations

Branches:
Dungeon (9/15)             Temple (1/1) D:5
   Lair: D:8-11         Orc: D:9-12

Altars:
Ashenzari
Dithmenos
Gozag
Makhleb
Okawaru
Qazlal
Uskayaw
Vehumet
Wu Jian
Yredelemnul
Zin
The Shining One

Shops:
D:7 (   D:8 (


Innate Abilities, Weirdness & Mutations

You cannot be hasted, slowed, berserked, paralysed or teleported.
You can dig through walls and to a lower floor.
You have a pair of large antennae on your head. (SInv)
Your four strong arms can wield two-handed weapons with a shield.


Message History

You resist with almost no effort.
The wight hits you with a +2 vampiric battleaxe!
You feel drained.
The wight hits you with a +0 short sword.
You feel drained.
You hit the wight but do no damage. The golden eye blinks at you.
You are more confused.
Unknown command.
You bludgeon the yak!!
The yak suddenly seems more resistant.
The yak is heavily wounded.
The golden eye blinks at you.
You easily resist.
The yak completely misses you. The yak misses you.
The wight hits you with a +2 vampiric battleaxe.
You feel drained. The wight barely misses you.
The wight hits you but does no damage. The wight attacks as you move away!
The wight barely misses you. The yak attacks as you move away!
The yak gores you but does no damage. The golden eye blinks at you.
You resist with some effort. The yak closely misses you.
The yak attacks as you move away! The yak misses you.
The orc priest calls down the wrath of Beogh upon you.
Beogh smites you!
Unknown command.
You hit the yak.
The yak is heavily wounded.
The orc priest invokes the aid of Beogh against you.
Beogh smites you!
* * * LOW HITPOINT WARNING * * *
An orc comes into view. It is wielding a +3 hand axe.
The wight misses you. The wight closely misses you.
The wight attacks as you move away!
The wight hits you with a +2 vampiric battleaxe!
* * * LOW HITPOINT WARNING * * *
The orc priest looks encouraged for a moment.
The yak barely misses you.
Unknown command.
You bump into the rock wall.
The yak closely misses you.
The wight hits you from afar with a +3 spear.
You die...

#...........#
#..........#
###..o.†...##
#...?o.....#
#..GG......#
#...z.z....#.
#####oz.......
##YY....#..
#.@Yz.###..#
#.<(..# ..
#....## ######


You could see 3 yaks, 4 wights, an orc priest, a golden eye and 2 orcs.

Vanquished Creatures
  Grinder (D:6)
  Sigmund (D:2)
  2 yaks (D:9)
  A steam dragon (D:7)
  Edmund (D:6)
  3 water moccasins
  A sky beast (D:8)
  2 black bears
  2 centaurs
  2 ice beasts
  5 ogres
  2 phantoms (D:5)
  2 kobold brigands (D:7)
  3 scorpions
  A bullfrog (D:7)
  A gnoll sergeant (D:8)
  4 wights (D:6)
  5 killer bees
  5 hounds
  2 jellies
  Crazy Yiuf (D:2)
  A gnoll bouda (D:4)
  3 orc priests
  A sleepcap (D:6)
  Jessica (D:3)
  An iguana (D:4)
  Ijyb (D:3)
  Natasha (thrice) (D:2)
  2 orc wizards (D:7)
  Terence (D:3)
  Robin (D:2)
  17 gnolls
  3 adders
  A white imp (D:6)
  An ufetubus (D:4)
  4 dart slugs
  25 orcs
  4 bats
  6 endoplasms
  A giant cockroach (D:1)
  12 goblins
  5 hobgoblins
  19 kobolds
  2 quokkas
  5 ball pythons
  4 frilled lizards
  5 rats (D:1)
176 creatures vanquished.

Notes
Turn   | Place    | Note
-------+----------+-------------------------------------------
     0 | D:1      | Ivernyr the Formicid Fighter began the quest for the Orb.
     0 | D:1      | Reached XP level 1. HP: 18/18 MP: 1/1
   118 | D:1      | Reached XP level 2. HP: 23/24 MP: 2/2
   436 | D:1      | Reached XP level 3. HP: 29/29 MP: 3/3
   679 | D:1      | Found a faded altar of an unknown god.
   887 | D:2      | Noticed Natasha
   895 | D:2      | Killed Natasha
   896 | D:2      | Reached XP level 4. HP: 26/37 MP: 4/4
   976 | D:2      | Noticed Sigmund
   998 | D:2      | Killed Sigmund
   999 | D:2      | Reached skill level 5 in Shields
   999 | D:2      | Reached XP level 5. HP: 30/43 MP: 5/5
   999 | D:2      | Reached XP level 6. HP: 34/49 MP: 6/6
  1157 | D:2      | Noticed Robin
  1183 | D:2      | Killed Robin
  1330 | D:2      | Found a runed translucent door.
  1331 | D:2      | Noticed Crazy Yiuf
  1340 | D:2      | Killed Crazy Yiuf
  1460 | D:2      | Noticed Natasha
  1465 | D:2      | Killed Natasha
  1468 | D:2      | Noticed Natasha
  1475 | D:2      | Killed Natasha
  2108 | D:3      | Noticed Terence
  2114 | D:3      | Killed Terence
  2115 | D:3      | Reached XP level 7. HP: 55/55 MP: 7/7
  2138 | D:3      | Noticed Jessica
  2139 | D:3      | Killed Jessica
  2200 | D:3      | Noticed Ijyb
  2205 | D:3      | Killed Ijyb
  2295 | D:3      | Reached skill level 5 in Staves
  2666 | D:4      | Reached skill level 5 in Fighting
  2858 | D:4      | Reached skill level 5 in Armour
  3035 | D:4      | Reached XP level 8. HP: 61/62 MP: 8/8
  3704 | D:5      | Entered Level 5 of the Dungeon
  4018 | D:5      | Found a staircase to the Ecumenical Temple.
  4062 | Temple   | Entered the Ecumenical Temple
  4155 | Temple   | Became a worshipper of the Wu Jian Council
  4568 | D:5      | Found a burning altar of Makhleb.
  4840 | D:5      | Reached XP level 9. HP: 50/69 MP: 9/9
  4964 | D:5      | Identified a scroll of acquirement
  4964 | D:5      | Acquired the +2 pair of gloves "Pali" {Str+2 Int+3}
  5268 | D:6      | Found a hide-covered altar of Uskayaw.
  5278 | D:6      | Noticed Grinder
  5288 | D:6      | Killed Grinder
  5586 | D:6      | Noticed Edmund
  5596 | D:6      | Killed Edmund
  5820 | D:7      | Reached XP level 10. HP: 43/79 MP: 10/10
  6028 | D:7      | Found Patumuf's Antique Weapon Shop.
  6046 | D:7      | Reached * piety under Wu Jian
  6172 | D:7      | Found a stormy altar of Qazlal.
  6391 | D:7      | Found a glowing silver altar of Zin.
  6717 | D:8      | Found Qupluvet's Weapon Shop.
  6773 | D:8      | Reached ** piety under Wu Jian
  7185 | D:9      | HP: 3/73 [wight/+2 vampiric battleaxe (7)]
  7186 | D:9      | Slain by a wight

Illustrated notes

Levels and vault maps discovered:
D:1:      dpeg_arrival_round_b, layout_loops_ring,
          chequers_ecumenical_altar_grove
D:2:      layout_basic, grunt_decor_junction, uniq_natasha, uniq_robin,
          uniq_sigmund, uniq_crazy_yiuf_cottage
D:3:      layout_loops_cross, uniq_terence, uniq_ijyb, uniq_jessica
D:4:      layout_rooms
D:5:      layout_basic, amcnicky_altar_gilded,
          minmay_temple_entry_gardened_gates, kennysheep_nondescript
D:6:      layout_gridville, eat_drink_and_be_merry_uskayaw, uniq_edmund,
          uniq_grinder
D:7:      layout_rooms, zin_treasury, grunt_qazlal_sundering, serial_shops, shop
D:8:      layout_rooms, serial_shops, nicolae_shop_pleasant_corner_grove
D:9:      layout_cross, kennysheep_mini, erik_orc_1
Temple:   dpeg_chambers_temple

Skill      XL: |  1  2  3  4  5  6  7  8  9 10 |
---------------+-------------------------------+-----
Staves         | 3 4 5 6 8 9 |  9.5
Fighting       | 4 5 6 7 |  7.9
Armour         | 4 5 6 7 |  7.9
Shields        | 5 6 7 8 9 |  9.4

Action                     |  1- 3 |  4- 6 |  7- 9 | 10-12 || total
---------------------------+-------+-------+-------+-------++-------
  Melee: Quarterstaff      |    65 |    65 |   223 |   134 ||   487
Ability: Dig               |       |     1 |       |     1 ||     2
         Lunge             |       |       |     9 |    13 ||    22
         Whirlwind         |       |       |       |    34 ||    34
    Use: Scroll            |       |       |    10 |     1 ||    11
   Stab: Confused          |       |       |     1 |       ||     1
         Paralysed         |       |       |     1 |       ||     1
 Armour: Scale mail        |    28 |    20 |    96 |    56 ||   200
  Dodge: Dodged            |    18 |    34 |   104 |    66 ||   222
  Block: Buckler           |    15 |    18 |    63 |    51 ||   147
